 Dungeon Crawl Stone Soup version 0.20.1-1-g8b1a95d (webtiles) character file.

634 tmwrnj the Shield-Bearer (level 7, -1/60 HPs)
             Began as a Hill Orc Fighter on July 31, 2017.
             Slain by an orc
             ... wielding a +0 dagger
              (4 damage)
             ... on level 4 of the Dungeon.
             The game lasted 00:09:23 (3982 turns).

tmwrnj the Shield-Bearer (Hill Orc Fighter)         Turns: 3982, Time: 00:09:24

Health: -1/60      AC:  3    Str: 21    XL:     7   Next: 49%
Magic:  7/7        EV:  8    Int: 12    God:
Gold:   166        SH:  9    Dex: 10    Spells: 6/6 levels left

rFire    . . .     SeeInvis .   a - +0 flail
rCold    . . .     Gourm    .   c - +0 shield
rNeg     . . .     Faith    .   y - +1 ring mail {rPois}
rPois    +         Spirit   .   (no helmet)
rElec    .         Reflect  .   (no cloak)
rCorr    .         Harm     .   (no gloves)
MR       .....                  e - +0 pair of boots
Stlth    ..........             (no amulet)
Regen    0.2/turn               (no ring)
MPRegen  0.1/turn               B - +4 ring of intelligence

@: corroded, heavily drained
A: no striking features
a: Convert to Beogh


You were on level 4 of the Dungeon.
You were hungry.

You visited 1 branch of the dungeon, and saw 5 of its levels.

You collected 166 gold pieces.

Inventory:

Hand Weapons
 a - a +0 flail (weapon)
Armour
 b - a +0 scale mail
 c - a +0 shield (worn)
 e - a +0 pair of boots (worn)
 y - a +1 ring mail of poison resistance (worn)
Jewellery
 v - an uncursed ring of magical power
 B - a +4 ring of intelligence (right hand)
Wands
 u - a wand of disintegration (17/24)
 x - a wand of iceblast (6/15)
Scrolls
 g - a scroll of recharging {unknown}
 h - a scroll of immolation {unknown}
 k - 3 scrolls of remove curse
 l - 4 scrolls of identify {unknown}
 m - a scroll of amnesia {unknown}
 n - a scroll of enchant armour {unknown}
 o - a scroll of blinking {unknown}
 z - 4 scrolls of teleportation {unknown}
Potions
 d - a potion of might
 j - 3 potions of mutation {unknown}
 p - a potion of haste {unknown}
 q - a potion of ambrosia {unknown}
 r - a potion of curing {unknown}
 s - a potion of agility {unknown}
 t - 2 potions of heal wounds {unknown}
 w - a potion of brilliance {unknown}
 A - a potion of invisibility {unknown}
Comestibles
 f - 2 bread rations
 i - 2 royal jellies


   Skills:
 + Level 4.8(3.1) Fighting
 + Level 5.4(3.6) Maces & Flails
 + Level 5.0(3.2) Armour
 + Level 1.8(0.2) Dodging
 + Level 5.4(3.6) Shields


You had 6 spell levels left.
You didn't know any spells.

Dungeon Overview and Level Annotations

Branches:
Dungeon (5/15)
 Temple: D:4-7

Altars:
Fedhas

Annotations:
D:4 tmwrnj's ghost, amateur HOFi


Message History

* * * LOW HITPOINT WARNING * * *
The acid corrodes you!
You are splashed with acid!
The acid burns!
* * * LOW HITPOINT WARNING * * *
You climb upwards.
Level annotation: tmwrnj's ghost, amateur HOFi The adder hisses angrily.
The orc shouts!
The adder bites you.
* * * LOW HITPOINT WARNING * * *
Found a scroll labeled BADESY KUOTEU.
There is a stone staircase leading down here.
The adder bites you.
* * * LOW HITPOINT WARNING * * *
The adder bites you but does no damage.
An orc priest comes into view.
You block the adder's attack.
Found an escape hatch in the ceiling.
The orc priest shouts, "Join the one true god or die!" (press Y on the ability menu to convert to Beogh)
The orc hits you with a dagger.
You die...

.. # .. .## ..#
#.## #..# #..##
..### ###o..#
#.....##J.o@.##
#......>..S...#
?......o......#
.....##o.........
.... ..####.....<
... ... .........
.. ... .........
. ###. ........$
##


You could see a jelly, an orc priest, an adder and 3 orcs.

Vanquished Creatures
  Grinder (D:3)
  An ogre (D:4)
  A bullfrog skeleton (D:4)
  A hound (D:4)
  Ijyb (D:3)
  2 orc wizards
  A worker ant (D:4)
  A howler monkey zombie (D:3)
  10 adders (D:2)
  2 oozes
  4 worms
  5 leopard geckos
  8 orcs
  4 giant cockroaches
  5 hobgoblins
  3 jackals (D:3)
  8 kobolds
  A quokka (D:2)
  6 ball pythons (D:2)
  10 bats
  2 frilled lizards
  5 goblins
  7 rats
  A plant (D:1)
90 creatures vanquished.

Notes
Turn   | Place    | Note
-------+----------+-------------------------------------------
     0 | D:1      | tmwrnj the Hill Orc Fighter began the quest for the Orb.
     0 | D:1      | Reached XP level 1. HP: 19/19 MP: 1/1
   121 | D:1      | Reached XP level 2. HP: 23/27 MP: 2/2
   907 | D:2      | Reached XP level 3. HP: 31/33 MP: 3/3
   945 | D:2      | Found a faded altar of an unknown god.
  1071 | D:2      | Reached XP level 4. HP: 13/40 MP: 4/4
  1866 | D:2      | Reached skill level 1 in Dodging
  1872 | D:2      | Reached XP level 5. HP: 43/46 MP: 5/5
  2590 | D:3      | Reached XP level 6. HP: 45/52 MP: 6/6
  2629 | D:3      | Found a blossoming altar of Fedhas.
  2784 | D:3      | Noticed Ijyb
  2799 | D:3      | Killed Ijyb
  3127 | D:3      | Noticed Grinder
  3144 | D:3      | Killed Grinder
  3144 | D:3      | Reached skill level 5 in Shields
  3144 | D:3      | Reached XP level 7. HP: 17/60 MP: 7/7
  3563 | D:4      | Reached skill level 5 in Maces & Flails
  3783 | D:4      | Reached skill level 5 in Armour
  3882 | D:4      | Noticed tmwrnj's ghost (amateur HOFi)
  3948 | D:5      | Entered Level 5 of the Dungeon
  3979 | D:4      | HP: 3/60 [adder (3)]
  3982 | D:4      | Slain by an orc

Skill      XL: |  1  2  3  4  5  6  7 |
---------------+----------------------+-----
Fighting       | 4 |  4.8
Shields        | 4 5 |  5.4
Armour         | 4 5 |  5.0
Maces & Flails | 3 4 5 |  5.4
Dodging        | 1 |  1.8

Action                   |  1- 3 |  4- 6 |  7- 9 || total
-------------------------+-------+-------+-------++-------
Melee: Mace              |    61 |       |       ||    61
       Flail             |   100 |   245 |    55 ||   400
  Use: Scroll            |     1 |       |       ||     1
  Eat: Chunk             |     1 |     6 |     3 ||    10
Armor: Scale mail        |    98 |   112 |       ||   210
       Ring mail         |       |     9 |    37 ||    46
Dodge: Dodged            |    49 |    87 |    34 ||   170
Block: Shield            |   127 |   138 |    48 ||   313
